 Dungeon Crawl Stone Soup version 0.30-a0-1053-gbd8d5ba0ad (webtiles) character file.

Game seed: 15680181404427689033

12733 bmack86 the Cleaver (level 11, -2/97 HPs)
             Began as a Minotaur Fighter on Apr 12, 2023.
             Was a High Priest of Okawaru.
             Killed by divine providence
             ... invoked by a meliai
              (13 damage)
             ... on level 12 of the Dungeon.
             The game lasted 00:26:41 (10011 turns).

bmack86 the Cleaver (Minotaur Fighter)             Turns: 10011, Time: 00:26:42

Health: -2/97      AC: 17    Str: 25    XL:     11   Next: 66%
Magic:  14/14      EV:  6    Int: 11    God:    Okawaru [*****.]
Gold:   677        SH: 11    Dex: 10    Spells: 10/10 levels left

rFire   + . .      SeeInvis .    a - +4 war axe (flame)
rCold   + . .      Faith    .    H - +1 kite shield
rNeg    + . .      Spirit   .    y - +0 plate armour
rPois   .          Reflect  .    (helmet restricted)
rElec   .          Rampage  .    J - +0 cloak
rCorr   .                        g - +0 pair of gloves "Beir" {Contam rF+ rN+}
Will    .....                    (no boots)
Stlth   x                          - amulet of regeneration
HPRegen 1.16/turn                w - ring of protection from cold
MPRegen 0.14/turn                G - +6 ring of intelligence

@: lethally poisoned (-2 -> -23)
A: horns 2, retaliatory headbutt
a: Renounce Religion, Heroism, Finesse, Duel


You were on level 12 of the Dungeon.
You worshipped Okawaru.
Okawaru was extremely pleased with you.
You visited 2 branches of the dungeon, and saw 13 of its levels.

You collected 721 gold pieces.
You spent 44 gold pieces at shops.

Inventory:

Hand Weapons
 a - a +4 war axe of flaming (weapon)
 r - a +0 war axe
Missiles
 m - 4 boomerangs (quivered)
 n - 46 poisoned darts
 q - 8 curare-tipped darts
 F - 5 silver javelins
 L - 2 javelins
Armour
 b - a +0 scale mail
 c - a +0 buckler
 g - the +0 pair of gloves "Beir" (worn) {Contam rF+ rN+}
   (You acquired it on level 5 of the Dungeon)

   rF:        It protects you from fire.
   rN:        It protects you from negative energy.
   Contam:    It causes magical contamination when unequipped.
 i - a +3 scale mail of cold resistance
 y - a +0 plate armour (worn)
 H - a +1 kite shield (worn)
 J - a +0 cloak (worn)
Jewellery
 w - a ring of protection from cold (left hand)
 x - an amulet of regeneration (around neck)
 G - a +6 ring of intelligence (right hand)
Wands
 D - a wand of polymorph (6)
 I - a wand of paralysis (4)
 K - a wand of flame (8)
Scrolls
 e - 2 scrolls of vulnerability
 o - 5 scrolls of noise
 u - 2 scrolls of teleportation
 B - 2 scrolls of blinking
Potions
 d - 2 potions of might
 f - 3 potions of curing
 h - 4 potions of haste
 j - 4 potions of invisibility
 l - 6 potions of lignification
 p - 3 potions of magic
 s - a potion of mutation
 t - a potion of berserk rage
 v - a potion of attraction
 z - 3 potions of flight
 A - 7 potions of brilliance
 C - 2 potions of heal wounds
 E - 2 potions of cancellation {unknown}


   Skills:
 + Level 9.5 Fighting
 * Level 12.5 Axes
 + Level 6.8 Throwing
 + Level 9.4 Armour
 + Level 9.4 Shields
 + Level 6.6 Invocations


You had 10 spell levels left.
You didn't know any spells.
Your spell library contained the following spells:

 Spells                   Type           Power      Damage    Failure   Level
 Magic Dart               Conj           0%         1d3       100%        1
 Searing Ray              Conj           0%         2d4       100%        2
 Fulminant Prism          Conj/Hex       0%         3d5       100%        4


Dungeon Overview and Level Annotations

Branches:
Dungeon (12/15)            Temple (1/1) D:4            Lair (0/5) D:8
    Orc (0/2) D:9

Altars:
Ashenzari
Cheibriados
Dithmenos
Elyvilon
Fedhas
Gozag
Hepliaklqana
Kikubaaqudgha
Makhleb
Nemelex Xobeh
Okawaru
Qazlal
Ru
Sif Muna
Trog
Uskayaw
Vehumet
Wu Jian
Xom
Yredelemnul
Zin
The Shining One

Shops:
D:3 !   D:4 *

Annotations:
D:9 exclusion: obsidian statue
Temple 2 transporters


Innate Abilities, Weirdness & Mutations

You have a pair of horns on your head.
You reflexively headbutt those who attack you in melee.


Message History

You block the meliai's attack. The meliai barely misses you.
The meliai stings you but does no damage.
You barely miss the meliai. Your headbutt misses the meliai.
You hit the meliai but do no damage. The meliai hits you with a +0 war axe!
The meliai stings you but does no damage.
The meliai hits you but does no damage.
The meliai stings you but does no damage.
The basilisk hisses menacingly.
You block the meliai's attack. The meliai barely misses you.
You block the meliai's attack.
The meliai stings you but does no damage.
The meliai hits you with a +0 war axe. The meliai stings you.
You are poisoned.
The meliai poisons you!
You closely miss the meliai. You hit the meliai. You burn the meliai.
You closely miss the meliai.
You feel very sick. The meliai hits you with a +0 war axe!
The meliai stings you. The meliai hits you but does no damage.
The meliai stings you but does no damage.
The meliai hits you but does no damage. You block the meliai's attack.
The meliai calls down the wrath of its god upon you.
Something smites you! You block the meliai's attack.
The meliai stings you but does no damage.
You block the meliai's attack. The meliai stings you.
You barely miss the meliai. x2; You hit the meliai.
You burn the meliai.
You feel very sick.
The meliai invokes the aid of its god against you.
Something smites you!
* * * LOW HITPOINT WARNING * * *
The meliai hits you with a +0 hand axe.
* * * LOW HITPOINT WARNING * * *
You block the meliai's attack. The meliai hits you but does no damage.
The meliai stings you.
* * * LOW HITPOINT WARNING * * *
You are lethally poisoned!
The meliai poisons you!
The meliai mumbles some strange prayers to its god against you.
Something smites you!
You die...

##.... #..## ......
....## ...#..
......#...#
......###.... .....#
..>......... ......###
.....l!...# ........#..
......y..#####..#.......
##....y@.#..#...........
#.....y.....#...........
........###.............
........###.............
.........#...#..........
.............#)().......
#....##.........†##.....
##+##.#.##....))†#......
#.....>.)........ .


You could see a basilisk and 3 meliai.

Vanquished Creatures
  5 two-headed ogres
  A boulder beetle (D:11)
  Pikel (D:5)
  Maurice (D:10)
  4 gargoyles
  3 kobold demonologists
  2 trolls
  A vampire (D:9)
  A wyvern (D:7)
  A wraith (D:9)
  3 yaks (D:8)
  Eustachio (D:4)
  4 vampire mosquitoes (D:12)
  5 steam dragons
  2 acid dragons
  2 orc warriors
  2 ice beasts
  3 sky beasts
  A black bear (D:5)
  An ogre (D:5)
  4 centaurs
  A lemure (D:4)
  A phantom (D:7)
  8 kobold brigands
  A gnoll sergeant (D:8)
  5 bullfrogs
  2 scorpions
  3 wights (D:8)
  6 killer bees
  9 howler monkeys
  A crimson imp (D:4)
  2 orc priests
  A gnoll bouda (D:7)
  2 jellies
  2 hounds
  2 sleepcaps
  2 iguanas
  Terence (D:2)
  3 orc wizards
  Robin (D:2)
  6 adders
  9 gnolls
  A shadow imp (D:5)
  A white imp (D:6)
  An ufetubus (D:5)
  A worm (D:5)
  4 dart slugs
  16 orcs
  5 endoplasms
  3 giant cockroaches
  10 hobgoblins
  2 jackals (D:3)
  8 quokkas
  5 ball pythons
  6 bats
  A frilled lizard (D:1)
  11 goblins
  34 kobolds
  22 rats
247 creatures vanquished.

Notes
Turn   | Place    | Note
-------+----------+-------------------------------------------
     0 | D:1      | bmack86 the Minotaur Fighter began the quest for the Orb.
     0 | D:1      | Reached XP level 1. HP: 19/19 MP: 0/0
   207 | D:1      | Reached XP level 2. HP: 27/27 MP: 1/1
   564 | D:1      | Reached skill level 3 in Axes
   694 | D:2      | Noticed Robin
   702 | D:2      | Noticed Terence
   706 | D:2      | Reached XP level 3. HP: 20/33 MP: 2/2
   711 | D:2      | Killed Robin
   713 | D:2      | Killed Terence
   840 | D:2      | Reached XP level 4. HP: 40/40 MP: 3/3
  1111 | D:2      | Reached skill level 4 in Axes
  1748 | D:3      | Found Cukkuez's Distillery.
  1754 | D:3      | Bought a potion of degeneration for 11 gold pieces
  1754 | D:3      | Bought a potion of curing for 33 gold pieces
  2004 | D:3      | Found an ancient bone altar of Kikubaaqudgha.
  2217 | D:3      | You fall into a shaft and drop 3 floors!
  2227 | D:5      | Entered Level 5 of the Dungeon
  2295 | D:4      | Noticed a centaur
  2306 | D:4      | Killed a centaur
  2307 | D:4      | Reached skill level 1 in Throwing
  2307 | D:4      | Reached XP level 5. HP: 11/47 MP: 4/4
  2533 | D:3      | Found a sparkling altar of Nemelex Xobeh.
  2846 | D:4      | Reached skill level 5 in Axes
  2858 | D:4      | Found Tafeiga's Fire Supplies.
  3045 | D:4      | Found a staircase to the Ecumenical Temple.
  3056 | D:4      | Reached XP level 6. HP: 52/53 MP: 5/5
  3061 | Temple   | Entered the Ecumenical Temple
  3061 | Temple   | Found a transporter.
  3061 | Temple   | Found a transporter.
  3063 | Temple   | Found a transporter.
  3063 | Temple   | Found a transporter.
  3085 | Temple   | Became a worshipper of Warmaster Okawaru
  3144 | D:4      | Noticed Eustachio
  3156 | D:4      | Killed Eustachio
  3157 | D:4      | Reached skill level 5 in Shields
  3294 | D:4      | Reached skill level 5 in Armour
  3355 | D:4      | Noticed a sky beast
  3366 | D:4      | Killed a sky beast
  3367 | D:4      | Reached skill level 5 in Fighting
  3367 | D:4      | Reached skill level 1 in Invocations
  3562 | D:4      | Reached XP level 7. HP: 61/61 MP: 6/6
  3718 | D:4      | HP: 1/61 [orc/+0 hand axe (4)]
  4010 | D:4      | Found a burning altar of Makhleb.
  4012 | D:4      | Found a radiant altar of Vehumet.
  4021 | D:4      | Reached skill level 6 in Axes
  4301 | D:5      | Noticed Pikel
  4324 | D:5      | Killed Pikel
  4324 | D:5      | Reached * piety under Okawaru
  4325 | D:5      | Reached XP level 8. HP: 35/70 MP: 8/8
  4452 | D:5      | Reached skill level 7 in Axes
  4499 | D:5      | Identified a scroll of acquirement
  4499 | D:5      | Acquired the +0 pair of gloves "Beir" {Contam rF+ rN+}
  4911 | D:5      | Found a glowing golden altar of the Shining One.
  5163 | D:5      | Found an ornate altar of the Wu Jian Council.
  5440 | D:6      | Reached ** piety under Okawaru
  5634 | D:6      | Reached skill level 8 in Axes
  6087 | D:6      | Reached XP level 9. HP: 72/78 MP: 10/10
  6597 | D:7      | Reached *** piety under Okawaru
  6657 | D:7      | Reached skill level 9 in Axes
  7191 | D:8      | Reached **** piety under Okawaru
  7192 | D:8      | Reached skill level 5 in Throwing
  7203 | D:8      | Reached XP level 10. HP: 66/86 MP: 12/12
  7211 | D:8      | Found a sacrificial altar of Ru.
  7227 | D:8      | Received a gift from Okawaru
  7324 | D:8      | Found a basalt altar of Yredelemnul.
  7347 | D:8      | Found a staircase to the Lair.
  7363 | D:8      | Reached skill level 10 in Axes
  7697 | D:9      | Noticed a two-headed ogre
  7704 | D:9      | Killed a two-headed ogre
  7705 | D:9      | Reached skill level 5 in Invocations
  7736 | D:9      | Found a broken altar of Ashenzari.
  8065 | D:9      | Noticed a two-headed ogre
  8074 | D:9      | Killed a two-headed ogre
  8075 | D:9      | Reached skill level 11 in Axes
  8092 | D:9      | Found a bloodstained altar of Trog.
  8130 | D:9      | Found a staircase to the Orcish Mines.
  8193 | D:9      | Noticed an obsidian statue
  8195 | D:9      | Noticed a sun demon
  8339 | D:9      | Noticed a two-headed ogre
  8346 | D:9      | Killed a two-headed ogre
  8346 | D:9      | Received a gift from Okawaru
  8710 | D:10     | Entered Level 10 of the Dungeon
  8710 | D:10     | Noticed a two-headed ogre
  8716 | D:10     | Killed a two-headed ogre
  8717 | D:10     | Reached XP level 11. HP: 47/95 MP: 14/14
  8797 | D:10     | Noticed Maurice
  8799 | D:10     | Found a shimmering blue altar of Sif Muna.
  8803 | D:10     | Killed Maurice
  9133 | D:11     | Noticed a boulder beetle
  9143 | D:11     | Killed a boulder beetle
  9423 | D:11     | Reached ***** piety under Okawaru
  9423 | D:11     | Received a gift from Okawaru
  9602 | D:11     | Reached skill level 12 in Axes
  9949 | D:12     | Noticed a two-headed ogre
  9957 | D:12     | Killed a two-headed ogre
  9976 | D:12     | Received a gift from Okawaru
 10011 | D:12     | Killed from afar by a meliai

Illustrated notes

Levels and vault maps discovered:
D:1:      eino_arrival_cavern_c, layout_basic, kennysheep_nondescript
D:2:      minmay_angry_zag, layout_loops_corners, grunt_decor_mini_mirrors,
          minmay_rat_hole, uniq_terence, uniq_robin
D:3:      layout_basic, nemelex_diamond_rough_becter,
          nicolae_kikubaaqudgha_miasma_corner, serial_shops,
          nicolae_shop_hallway_plus, minmay_quantized
D:4:      layout_layer_cave, grunt_temple_overflow_lords_of_destruction,
          minmay_temple_entry_stoned_glass, nicolae_shop_fire_sale
          [nicolae_sub_dead_trees], uniq_eustachio
D:5:      layout_loops_ring, nzn_wu_jian_council_hall, general_overflow_altar,
          uniq_pikel
D:6:      layout_loops_ring
D:7:      layout_basic
D:8:      layout_rooms, yredelemnul_altar_generic,
          nicolae_ru_sacrificial_ziggurat
D:9:      minmay_statue_hallways, layout_basic, trog_three_pillars_becter,
          nicolae_ashenzari_panopticon
D:10:     layout_rooms, nicolae_sif_muna_condensation, uniq_maurice
D:11:     layout_cave_pools, nicolae_two_hexagons, grunt_decor_arrowhead
D:12:     layout_cave_pools, serial_column_ruins, column_ruins_grid_5,
          column_ruins_circle_small, column_ruins_grid_1, column_ruins_grid_1,
          column_ruins_grid_2, column_ruins_open_medium, nicolae_hexahallways,
          nzn_sisyphean_effort
Temple:   hellmonk_temple_divided_pantheon

Skill      XL: |  1  2  3  4  5  6  7  8  9 10 11 |
---------------+----------------------------------+-----
Axes           | 3 4 5 6 8 9 11 12 | 12.5
Shields        | 4 5 6 7 8 9 |  9.4
Fighting       | 4 5 6 7 8 9 |  9.5
Armour         | 4 5 6 7 8 9 |  9.4
Throwing       | 1 2 3 5 6 |  6.8
Invocations    | 1 2 3 4 5 6 |  6.6

Action                     |  1- 3 |  4- 6 |  7- 9 | 10-12 || total
---------------------------+-------+-------+-------+-------++-------
  Melee: War axe           |    44 |   148 |   216 |   193 ||   601
         Headbutt          |     7 |    18 |    35 |    42 ||   102
  Throw: Boomerang         |       |     7 |     2 |    83 ||    92
 Invoke: Heroism           |       |       |     1 |     9 ||    10
         Finesse           |       |       |       |     2 ||     2
    Use: Potion            |       |     1 |     2 |       ||     3
         Scroll            |       |     5 |    15 |     6 ||    26
 Armour: Scale mail        |    22 |   105 |    73 |       ||   200
         Plate armour      |       |       |    58 |   111 ||   169
  Dodge: Dodged            |    19 |    80 |   105 |    64 ||   268
  Block: Buckler           |     9 |    43 |    56 |    10 ||   118
         Kite shield       |       |       |       |   125 ||   125

Table legend: (Time is in decaauts)
 A = Elapsed time spent in this place.
 B = Non-inter-level travel time spent in this place.
 C = Inter-level travel time spent in this place.
 D = Time resting spent in this place.
 E = Time spent auto-exploring this place.
 F = Levels seen in this place.
 G = Mean time per level.
                   A        B        C        D        E       F      G
               +--------+--------+--------+--------+--------+-----+--------+
         Total |  10107 |   9707 |    400 |    720 |   6844 |  13 |  777.5 |
       Dungeon |  10061 |   9661 |    400 |    720 |   6840 |  12 |  838.4 |
        Temple |     46 |     46 |      0 |      0 |      4 |   1 |   46.0 |
               +--------+--------+--------+--------+--------+-----+--------+

Top non-repeatable levels by time:
     D:4: 1500 daAuts
     D:5: 1167 daAuts
     D:9: 1143 daAuts
     D:2: 1059 daAuts
     D:3: 1031 daAuts
     D:7: 887 daAuts
     D:6: 854 daAuts
    D:11: 736 daAuts
     D:1: 689 daAuts
     D:8: 468 daAuts
    D:10: 384 daAuts
    D:12: 137 daAuts
  Temple: 46 daAuts
